 Dungeon Crawl Stone Soup version 0.29.1-12-g30fa7ad0bf (webtiles) character file.

Game seed: 5099322896724803827

480 mopl the Sneak (level 7, -4/46 HPs)
             Began as a Formicid Enchanter on Jan 15, 2023.
             Slain by Prince Ribbit (15 damage)
             ... on level 5 of the Dungeon.
             The game lasted 00:06:00 (5247 turns).

mopl the Sneak (Formicid Enchanter)                 Turns: 5247, Time: 00:06:01

Health: -4/46      AC:  3    Str: 18    XL:     7   Next: 34%
Magic:  0/12       EV: 12    Int: 17    God:
Gold:   169        SH:  0    Dex: 14    Spells: 2/13 levels left

rFire   . . .      SeeInvis +   a - +1 short sword (venom)
rCold   . . .      Faith    .   (no shield)
rNeg    . . .      Spirit   +   b - +0 robe
rPois   .          Reflect  .   (helmet unavailable)
rElec   .          Harm     .   C - +0 cloak
rCorr   .          Rampage  .   (no gloves)
Will    .....                   (no boots)
Stlth   +++.......              s - amulet of guardian spirit
HPRegen 0.15/turn               n - +6 ring of strength
MPRegen 0.13/turn               (no ring)

@: confusing by touch
A: permanent stasis, dig shafts and tunnels, antennae 3, four strong arms
a: Dig, Shaft Self


You were on level 5 of the Dungeon.
You visited 1 branch of the dungeon, and saw 5 of its levels.

You collected 169 gold pieces.

Inventory:

Hand Weapons
 a - a +1 short sword of venom (weapon)
 f - a +1 dagger
 j - the +9 long sword "Echaxi" {freeze, *Noise rElec rF+++ Will-}
   (You found it on level 3 of the Dungeon)

   It freezes those it strikes, dealing additional cold damage.
   It can also slow down cold-blooded creatures.
   rF:        It renders you almost immune to fire.
   rElec:     It insulates you from electricity.
   *Noise:    It may make noises in combat.
   Will:      It decreases your willpower.
Missiles
 e - 4 poisoned darts
Armour
 b - a +0 robe (worn)
 d - a +2 plate armour of cold resistance
 t - a scarf of invisibility
 C - a +0 cloak (worn)
Jewellery
 h - an amulet of magic regeneration
 n - a +6 ring of strength (left hand)
 s - an amulet of guardian spirit (around neck)
Wands
 B - a wand of flame (12)
Scrolls
 k - 2 scrolls of amnesia {unknown}
 l - a scroll of fear {unknown}
 m - 3 scrolls of poison {unknown}
 p - a scroll of teleportation {unknown}
 u - a scroll of noise {unknown}
 v - a scroll of vulnerability {unknown}
 x - a scroll of magic mapping {unknown}
 y - a scroll of silence {unknown}
Potions
 c - 3 potions of invisibility
 g - 3 potions of attraction {unknown}
 o - a potion of magic
 q - 3 potions of brilliance
 r - a potion of curing
 z - a potion of mutation {!q}
 A - a potion of flight
 D - a potion of lignification {unknown}


   Skills:
 - Level 1.0 Short Blades
 - Level 1.7 Dodging
 + Level 5.6 Stealth
 + Level 3.9 Spellcasting
 + Level 1.0 Conjurations
 + Level 5.4 Hexes
 + Level 2.8 Ice Magic
 + Level 2.5 Evocations


You had 2 spell levels left.
You knew the following spells:

 Your Spells              Type           Power      Damage    Failure   Level
a - Confusing Touch       Hex            21%        N/A       5%          3
b - Ensorcelled Hibernat  Hex/Ice        34%        N/A       4%          2
d - Tukima's Dance        Hex            21%        N/A       5%          3
f - Dazzling Flash        Conj/Hex       28%        N/A       13%         3

Your spell library contained the following spells:

 Spells                   Type           Power      Damage    Failure   Level
 Apportation              Tloc           6%         N/A       16%         1
 Sandblast                Erth           6%         2d5       16%         1
 Passwall                 Tmut/Erth      2%         N/A       24%         2
 Stone Arrow              Conj/Erth      10%        3d7       36%         3
 Silence                  Hex/Air        6%         N/A       82%         5
 Agony                    Necr           3%         N/A       99%         5
 Alistair's Intoxication  Tmut/Pois      2%         N/A       99%         5


Dungeon Overview and Level Annotations

Branches:
Dungeon (5/15)
 Temple: D:4-7

Altars:

Annotations:
D:2 1 runed translucent door, Crazy Yiuf
D:5 Prince Ribbit


Innate Abilities, Weirdness & Mutations

You cannot be hasted, slowed, berserked, paralysed or teleported.
You can dig through walls and to a lower floor.
You have a pair of large antennae on your head. (SInv)
Your four strong arms can wield two-handed weapons with a shield.


Message History

Aim: Prince Ribbit (lightly wounded, chance to affect: 32%) Prince Ribbit looks drowsy...
Unknown command.
Prince Ribbit gives a loud, deep croak!
Prince Ribbit blinks!
Prince Ribbit blinks!
There is a stone staircase leading up here.
You hit Prince Ribbit.
Prince Ribbit is poisoned.
Prince Ribbit is moderately wounded.
Prince Ribbit hits you but does no damage.
You hit Prince Ribbit.
Prince Ribbit looks as sick as possible!
Prince Ribbit is moderately wounded.
Prince Ribbit misses you.
Prince Ribbit hits you but does no damage.
You completely miss Prince Ribbit.
Prince Ribbit is moderately wounded.
Prince Ribbit closely misses you.
You barely miss Prince Ribbit.
Prince Ribbit is moderately wounded.
Prince Ribbit hits you!
Prince Ribbit blinks!
Prince Ribbit hits you! x2
You are too injured to fight recklessly!
You are too injured to fight recklessly!
Casting: Ensorcelled Hibernation (safe; 4% risk of failure)
Confirm with . or Enter, or press ? or * to list all spells.
Your hands begin to glow red.
Prince Ribbit barely misses you.
Unknown command.
Unknown command.
You hit Prince Ribbit but do no damage. Your punch misses Prince Ribbit.
Prince Ribbit is heavily wounded.
Prince Ribbit completely misses you.
You hit Prince Ribbit but do no damage.
Prince Ribbit is heavily wounded.
Prince Ribbit hits you. x2
* * * LOW HITPOINT WARNING * * *
You hit Prince Ribbit but do no damage.
Prince Ribbit is heavily wounded.
Prince Ribbit hits you!
You die...

##.###
#####....##
##..#......####
#.............##
#..........[..##
#.........)...#
###......F......#
#........@)......
#................
........<........
...........#...#)
...........#..##
.............##
.!............
#.............#
.....##..#.##...


You could see Prince Ribbit (very poisoned).

Vanquished Creatures
  An ogre (D:4)
  A centaur (D:5)
  A jelly (D:4)
  Jessica (D:2)
  An iguana (D:4)
  3 orc wizards (D:4)
  6 adders
  A gnoll (D:3)
  2 worms
  2 dart slugs
  5 orcs
  8 endoplasms
  3 giant cockroaches
  4 goblins
  7 hobgoblins
  4 jackals (D:2)
  5 quokkas
  8 ball pythons
  5 bats
  4 frilled lizards (D:3)
  11 kobolds
  4 rats
  A spectral goblin (D:1)
88 creatures vanquished.

Vanquished Creatures (others)
  A dancing weapon (D:4)
  A fungus (D:2)
  3 plants (D:3)
5 creatures vanquished.

Grand Total: 93 creatures vanquished

Notes
Turn   | Place    | Note
-------+----------+-------------------------------------------
     0 | D:1      | mopl the Formicid Enchanter began the quest for the Orb.
     0 | D:1      | Reached XP level 1. HP: 13/13 MP: 3/3
   147 | D:1      | Reached XP level 2. HP: 11/19 MP: 5/5
   275 | D:1      | Learned a level 2 spell: Ensorcelled Hibernation
   395 | D:1      | Reached skill level 4 in Stealth
   671 | D:1      | Found a faded altar of an unknown god.
   812 | D:2      | Reached skill level 4 in Hexes
   822 | D:2      | Reached XP level 3. HP: 9/24 MP: 6/6
  1002 | D:2      | Learned a level 3 spell: Confusing Touch
  1173 | D:2      | Noticed Jessica
  1205 | D:2      | Killed Jessica
  1206 | D:2      | Reached skill level 1 in Ice Magic
  1206 | D:2      | Reached XP level 4. HP: 10/30 MP: 2/8
  1729 | D:2      | Found a runed translucent door.
  1730 | D:2      | Noticed Crazy Yiuf
  2315 | D:2      | Learned a level 3 spell: Tukima's Dance
  2830 | D:3      | Reached skill level 3 in Spellcasting
  3177 | D:3      | HP: 1/30 [constriction (1)]
  3431 | D:3      | Identified the +9 long sword "Echaxi" {freeze, *Noise rElec
                  | rF+++ Will-}
  3490 | D:3      | Reached XP level 5. HP: 35/35 MP: 9/9
  3686 | D:3      | Reached skill level 1 in Evocations
  4178 | D:4      | Reached skill level 2 in Ice Magic
  4504 | D:4      | Reached skill level 5 in Stealth
  4504 | D:4      | Reached XP level 6. HP: 23/41 MP: 6/11
  4525 | D:4      | Reached skill level 5 in Hexes
  4525 | D:4      | Reached skill level 2 in Evocations
  4968 | D:4      | Learned a level 3 spell: Dazzling Flash
  5087 | D:4      | Noticed an ogre
  5109 | D:4      | Killed an ogre
  5110 | D:4      | Reached XP level 7. HP: 32/46 MP: 5/12
  5224 | D:5      | Entered Level 5 of the Dungeon
  5225 | D:5      | Noticed Prince Ribbit
  5233 | D:5      | Reached skill level 1 in Conjurations
  5247 | D:5      | Slain by Prince Ribbit

Illustrated notes

Levels and vault maps discovered:
D:1:      matt_arrival_refuge, layout_loops_cross,
          dreamdust_ecumenical_altar_drowned_temple,
          chequers_serial_rivers_marsh, corexii_hall_statues_s
D:2:      layout_basic, uniq_jessica, uniq_crazy_yiuf_cottage
D:3:      minmay_razor_zed, layout_basic, lexackson_kobold_supper
D:4:      layout_loops_cross, minmay_statues_item
D:5:      layout_cave_pools, minmay_temple_entry_overgrown, eino_curves_04,
          uniq_prince_ribbit1

Skill      XL: |  1  2  3  4  5  6  7 |
---------------+----------------------+-----
Stealth        | 4 5 |  5.6
Hexes          | 4 5 |  5.4
Ice Magic      | 1 2 |  2.8
Spellcasting   | 3 |  3.9
Evocations     | 1 2 |  2.5
Conjurations   | 1 |  1.0
Short Blades   | |  1.0
Dodging        | |  1.7

Action                   |  1- 3 |  4- 6 |  7- 9 || total
-------------------------+-------+-------+-------++-------
Melee: Short sword       |    52 |   200 |    19 ||   271
       Dagger            |     1 |       |       ||     1
       Punch             |     1 |     6 |       ||     7
 Cast: Ensorcelled Hiber |     3 |     3 |     1 ||     7
       Tukima's Dance    |       |     1 |       ||     1
       Confusing Touch   |       |       |     1 ||     1
 Abil: Dig               |       |     1 |       ||     1
Evoke: Wand              |       |     1 |       ||     1
  Use: Scroll            |       |     5 |     1 ||     6
       Potion            |       |     3 |       ||     3
 Stab: Sleeping          |     6 |    15 |     4 ||    25
Armor: Robe              |     9 |    22 |     4 ||    35
Dodge: Dodged            |    35 |    92 |    18 ||   145
